 Dungeon Crawl Stone Soup version 0.30-b1-2-g02819fbbbe (webtiles) character file.

Game seed: 7608397141704256079

38 Alarkh the Sneak (level 3, 29/29 HPs)
             Began as a Demonspawn Delver on May 23, 2023.
             Got out of the dungeon alive.
             The game lasted 00:01:41 (699 turns).

Alarkh the Sneak (Demonspawn Delver)                 Turns: 699, Time: 00:01:42

Health: 29/29      AC:  6    Str: 12    XL:     3   Next: 25%
Magic:  3/3        EV:  9    Int: 13    God:
Gold:   43         SH:  0    Dex: 14    Spells: 2/2 levels left

rFire   . .          .
                       - Unarmed
rCold   . . .        (no shield)
rNeg    . . .        d - +0 scale mail
rPois   .            (helmet restricted)
rElec   .            (no cloak)
rCorr   +            (no gloves)
SInv    .            (no boots)
Will    .....        (no amulet)
Stlth   +            j - ring of resist corrosion
HPRegen 0.24/turn    (no ring)
MPRegen 0.08/turn

%: no passive effects
@: no status effects
A: horns 1, demonic magic 1
a: no special abilities


You escaped.
You visited 1 branch of the dungeon, and saw 5 of its levels.

You collected 43 gold pieces.

Inventory:

Armour
 a - a +0 leather armour
 d - a +0 scale mail (worn)
Jewellery
 j - a ring of resist corrosion (left hand)
Wands
 f - a wand of digging (3)
Scrolls
 b - a scroll of fog
 c - a scroll of magic mapping
 g - a scroll of amnesia {unknown}
Potions
 e - a potion of heal wounds {unknown}
 h - a potion of mutation {unknown}
 i - a potion of flight {unknown}


   Skills:
 - Level 3.0 Fighting
 - Level 1.7 Dodging
 - Level 4.5 Stealth
 + Level 3.4 Unarmed Combat


You had 2 spell levels left.
You didn't know any spells.
Your spell library was empty.

Dungeon Overview and Level Annotations

Branches:
Dungeon (5/15)             Temple (0/1) D:5

Altars:
Kikubaaqudgha


Innate Abilities, Weirdness & Mutations

You have a pair of small horns on your head.
Spells you cast may paralyse adjacent enemies.


Message History

No target in view!
No target in view!
No target in view!
No target in view!
No target in view!
No target in view!
j - a ring of resist corrosion
j - a ring of resist corrosion (left hand)
You now have 40 gold pieces (gained 14).
A bat comes into view.
A bat is nearby!
A bat is nearby!
The bat hits you. The bat closely misses you.
The bat hits you but does no damage. The bat hits you but does no damage.
You hit the bat.
You kill the bat!
No target in view!
No target in view!
No target in view!
No target in view!
No target in view!
No target in view!
No target in view!
No target in view!
No target in view!
No target in view!
No target in view!
No target in view!
You now have 43 gold pieces (gained 3).
You open the door.
Found a staircase leading out of the dungeon.
There is an open door here.
As you open the door, it creaks loudly!
There is an open door here.
A jackal comes into view.
There is an open door here.
There is a staircase leading out of the dungeon here.
Are you sure you want to leave the Dungeon?
This will make you lose the game!
You have escaped!

........## ##.##
.#######.# #...#
#.# ###'# ## ##.#
##..# ##...#
##....##
##......##### +##
#.....@.....+ ..##
##......#####
...##
#######....##
....###...# ##...#
.....##.#.# ##..#
.†...+....# ##.#
.)...##.#.### ##'#
.#.#.##.##..###..#
.#.#.##.........##


There were no monsters in sight!

Vanquished Creatures
  2 adders
  A dart slug (D:1)
  An orc (D:4)
  A ball python (D:2)
  2 giant cockroaches
  A goblin (D:2)
  A hobgoblin (D:1)
  3 kobolds
  3 bats (D:1)
  3 rats
18 creatures vanquished.

Notes
Turn   | Place    | Note
-------+----------+-------------------------------------------
     0 | D:5      | Alarkh the Demonspawn Delver began the quest for the Orb.
     0 | D:5      | Reached XP level 1. HP: 18/18 MP: 1/1
     1 | D:5      | Found a staircase to the Ecumenical Temple.
    13 | D:5      | Noticed an orc wizard
    56 | D:4      | Noticed a black bear
    69 | D:4      | Noticed a hound
    82 | D:3      | Found an ancient bone altar of Kikubaaqudgha.
   258 | D:3      | Gained mutation: Spells you cast may paralyse adjacent
                  | enemies. [demonic ancestry]
   258 | D:3      | Reached XP level 2. HP: 20/24 MP: 2/2
   510 | D:1      | Discovered your monstrous ancestry.
   510 | D:1      | Gained mutation: You have a pair of small horns on your
                  | head. [demonic ancestry]
   510 | D:1      | Reached XP level 3. HP: 24/29 MP: 3/3
   699 | D:$      | Got out of the dungeon alive.

Illustrated notes

Levels and vault maps discovered:
D:1:      mrwooster_arrival_arrow, layout_loops_corners,
          ebering_ecumenical_altar_webs, grunt_decor_arrowhead,
          corexii_hall_statues_l, minmay_misc_feat_rows
D:2:      layout_basic, basic_altar
D:3:      minmay_door_path, layout_basic, mainiacjoe_overflow_boulevard,
          gammafunk_ghost_abyssal_escape
D:4:      layout_loops_ring, mainiacjoe_overflow_alcove_2,
          mainiacjoe_overflow_paths, grunt_temple_overflow_holy_war,
          minivault_19, kennysheep_generic_room_6
D:5:      layout_basic, minmay_temple_entry_tees, grunt_ministairs_2,
          uniq_grinder

Skill      XL: |  1  2 |
---------------+-------+-----
Unarmed Combat | 2 3 |  3.4
Fighting       | |  3.0
Dodging        | |  1.7
Stealth        | |  4.5

Action                     || total
---------------------------++-------
  Melee: Unarmed           ||    85
         Punch             ||     2
         Headbutt          ||     3
    Use: Scroll            ||     1
         Potion            ||     1
   Stab: Sleeping          ||     2
 Armour: Scale mail        ||    32
         Leather armour    ||     2
  Dodge: Dodged            ||    33
